 Dungeon Crawl Stone Soup version 0.19.5 (webtiles) character file.

532 Jerry the Slasher (level 7, 0/55 HPs)
             Began as a Human Chaos Knight on Apr 22, 2017.
             Succumbed to an adder's poison
             ... on level 4 of the Dungeon.
             The game lasted 00:13:27 (3492 turns).

Jerry the Slasher (Human Chaos Knight)              Turns: 3492, Time: 00:13:27

Health: 0/55       AC:  7    Str: 14    XL:     7   Next: 49%
Magic:  7/7        EV: 11    Int: 13    God:    Xom [...*..]
Gold:   146        SH:  0    Dex: 14    Spells: 0 memorised, 6 levels left

rFire  . . .     SeeInvis .     a - +0 falchion (chaos)
rCold  . . .     Gourm    .     b - +2 leather armour
rNeg   . . .     Faith    .     (no shield)
rPois  .         Spirit   .     (no helmet)
rElec  .         Reflect  .     (no cloak)
rCorr  .         Harm     .     (no gloves)
MR     .....                    (no boots)
Stlth  +.........               (no amulet)
                                (no ring)
                                (no ring)

@: lethally poisoned (0 -> -10), very slightly contaminated, hasted, very quick
A: thin metallic scales 1, agile 1
a: Renounce Religion


You were on level 4 of the Dungeon.
You worshipped Xom.
You were a favourite toy of Xom.
You were hungry.

You visited 1 branch of the dungeon, and saw 4 of its levels.

You collected 146 gold pieces.

Inventory:

Hand Weapons
 a - a +0 falchion of chaos (weapon)
 h - a +2 dagger of venom
Armour
 b - a +2 leather armour (worn)
 p - a +0 plate armour
Scrolls
 d - a scroll of identify
 e - 2 scrolls of blinking {unknown}
 i - 2 scrolls of fear {unknown}
 l - a scroll of immolation {unknown}
 q - 2 scrolls of remove curse {unknown}
 s - a scroll of amnesia {unknown}
 t - a scroll of teleportation {unknown}
Potions
 m - a potion of brilliance
 o - a potion of mutation
 u - a potion of flight
 v - a potion of cure mutation {unknown}
 w - a potion of cancellation {unknown}
 x - a potion of curing
Comestibles
 c - 3 bread rations
 f - 4 fruits
 g - a meat ration
 n - a beef jerky


   Skills:
 + Level 4.6 Fighting
 * Level 6.0 Long Blades
 + Level 4.3 Armour
 - Level 1.0 Dodging


You had 6 spell levels left.
You didn't know any spells.

Dungeon Overview and Level Annotations

Branches:
Dungeon (4/15)
 Temple: D:4-7

Altars:
Dithmenos
Elyvilon
Gozag
Makhleb
Xom


Innate Abilities, Weirdness & Mutations

You are partially covered in thin metallic scales. (AC +2)
You are agile. (Dex +2)


Message History

You miss the adder.
You feel sick. The adder barely misses you.
You riposte.
You barely miss the adder. The adder barely misses you.
You closely miss the adder.
The ogre is no longer petrified.
The adder bites you.
* * * LOW HITPOINT WARNING * * *
You are lethally poisoned!
The adder poisons you! The adder bites you but does no damage.
You closely miss the adder. The adder barely misses you.
The adder completely misses you.
You hit the adder.
The adder is severely wounded.
* * * LOW HITPOINT WARNING * * *
You feel sick. The adder bites you.
* * * LOW HITPOINT WARNING * * *
You are more poisoned.
The adder poisons you!
You hit the ogre but do no damage.
The ogre is poisoned.
The ogre is almost dead.
You die...
Xom snickers!

..# #..........# ###
#.......#..#
#.......#.[#
#####...5...#..# .
#.....(.######.## .#
#.............).# #.
#...............##..
#................#.#
###############@O#.#
#SS..# ######...#
#........#
#........#
#..........#
#......#.###
#......#..#
#......#..#


You could see an ogre and 2 adders.

Vanquished Creatures
  Sigmund (D:4)
  2 orc wizards
  An orc priest (D:4)
  Ijyb (D:3)
  A worker ant (D:4)
  12 adders
  An adder zombie (D:3)
  4 worms
  A dart slug (D:3)
  5 leopard geckos
  12 orcs
  3 giant cockroaches
  8 goblins
  7 hobgoblins
  8 kobolds
  2 quokkas
  3 ball pythons
  6 bats
  3 frilled lizards
  4 rats
85 creatures vanquished.

Vanquished Creatures (collateral kills)
  A howler monkey (D:4)
1 creature vanquished.

Grand Total: 86 creatures vanquished

Notes
Turn   | Place    | Note
-------+----------+-------------------------------------------
     0 | D:1      | Jerry the Human Chaos Knight began the quest for the Orb.
     0 | D:1      | Reached XP level 1. HP: 18/18 MP: 1/1
   231 | D:1      | Reached XP level 2. HP: 24/24 MP: 2/2
   622 | D:1      | XOM: harmless Tloc miscast
   644 | D:1      | XOM: harmless Hex miscast
   770 | D:2      | XOM: noise
   799 | D:2      | XOM: destruction
   804 | D:2      | XOM: cast spell 'Ring of Flames'
   804 | D:2      | Reached XP level 3. HP: 22/29 MP: 3/3
   810 | D:2      | XOM: harmless Erth miscast
   862 | D:2      | XOM: cast spell 'Summon Butterflies'
   946 | D:2      | XOM is BORED!
   946 | D:2      | XOM: mild Tloc miscast
   953 | D:2      | Found a shadowy altar of Dithmenos.
   953 | D:2      | Found a burning altar of Makhleb.
   962 | D:2      | Reached XP level 4. HP: 26/35 MP: 4/4
  1020 | D:2      | XOM: scenery: create altars
  1227 | D:2      | Reached skill level 4 in Long Blades
  1616 | D:2      | Found an opulent altar of Gozag.
  1739 | D:3      | Noticed Ijyb
  1751 | D:3      | XOM: 1-stop teleportation journey
  1752 | D:3      | Killed Ijyb
  1752 | D:3      | Reached XP level 5. HP: 40/41 MP: 5/5
  1756 | D:3      | XOM: cast spell 'Alistair's Intoxication'
  1778 | D:3      | XOM: scenery: create altars
  1796 | D:3      | XOM: 1-stop teleportation journey
  1801 | D:3      | Found a white marble altar of Elyvilon.
  1815 | D:3      | XOM: cloud trail
  1824 | D:3      | XOM: smoke on damage
  1892 | D:3      | XOM: give mutations
  1892 | D:3      | Gained mutation: You are partially covered in thin metallic scales. (AC +2) [Xom's grace]
  1892 | D:3      | Gained mutation: You are agile. (Dex +2) [Xom's grace]
  2330 | D:3      | XOM: scenery: create altars
  2531 | D:3      | Reached XP level 6. HP: 45/48 MP: 6/6
  2542 | D:4      | Noticed Sigmund
  2645 | D:4      | Reached skill level 5 in Long Blades
  2695 | D:4      | XOM: harmless Pois miscast
  2924 | D:3      | XOM: noise
  3281 | D:4      | XOM: summons friendly quasit
  3282 | D:4      | Killed Sigmund
  3282 | D:4      | Reached XP level 7. HP: 55/55 MP: 7/7
  3422 | D:4      | Reached skill level 6 in Long Blades
  3485 | D:4      | HP: 2/55 [poisoned by an adder]
  3491 | D:4      | HP: 1/55 [adder (4)]
  3492 | D:4      | Succumbed to an adder's poison

Skill      XL: |  1  2  3  4  5  6  7 |
---------------+----------------------+-----
Long Blades    | 4 5 6 |  6.0
Armour         | 3 4 |  4.3
Fighting       | 4 |  4.6
Dodging        | |  1.0

Action                   |  1- 3 |  4- 6 |  7- 9 || total
-------------------------+-------+-------+-------++-------
Melee: Falchion          |    37 |   110 |    31 ||   178
       Dagger            |    41 |    94 |       ||   135
  Use: Scroll            |       |     5 |       ||     5
       Potion            |       |     1 |     2 ||     3
 Stab: Paralysed         |       |     6 |       ||     6
       Petrified         |       |       |    10 ||    10
       Distracted        |       |       |     1 ||     1
  Eat: Chunk             |       |     8 |       ||     8
Armor: Leather armour    |    32 |    66 |    18 ||   116
Dodge: Dodged            |    47 |   112 |    21 ||   180
       Rpst.: Falchion   |     7 |    12 |     4 ||    23
